 Dungeon Crawl Stone Soup version 0.20.1-1-g8b1a95d (webtiles) character file.

8041 Lanoc the Cleaver (level 11, -4/84 HPs)
             Began as a Demonspawn Chaos Knight on Nov 26, 2017.
             Slain by an orc warrior
             ... wielding a +0 halberd
              (13 damage)
             ... on level 10 of the Dungeon.
             The game lasted 00:52:22 (9011 turns).

Lanoc the Cleaver (Demonspawn Chaos Knight)         Turns: 9011, Time: 00:52:23

Health: -4/84      AC: 10    Str: 15    XL:     11   Next: 4%
Magic:  11/11      EV: 16    Int: 15    God:    Xom [.*....]
Gold:   347        SH: 12    Dex: 14    Spells: 10/10 levels left

rFire    + . .     SeeInvis +   a - +2 hand axe (chaos)
rCold    + + +     Gourm    .   u - +0 large shield
rNeg     . . .     Faith    .   b - +3 leather armour
rPois    +         Spirit   .   x - +0 helmet
rElec    .         Reflect  .   (no cloak)
rCorr    .         Harm     .   (no gloves)
MR       +....                  (no boots)
Stlth    +++.......             (no amulet)
Regen    0.3/turn               o - +6 ring of evasion
MPRegen  0.2/turn               e - ring of see invisible

@: about to teleport
A: claws 1, talons 1, yellow scales 2, clever 1, cold resistance 3, demonic
guardian 1, fire resistance 1, magic resistance 1, mutation resistance 1, sense
surroundings 1, poison resistance, MP-powered wands
a: Renounce Religion


You were on level 10 of the Dungeon.
You worshipped Xom.
You were a plaything of Xom.
You were not hungry.

You visited 1 branch of the dungeon, and saw 10 of its levels.

You collected 347 gold pieces.

Inventory:

Hand Weapons
 a - a +2 hand axe of chaos (weapon)
 d - a +4 quarterstaff of chaos
 C - a +0 war axe
Missiles
 E - 54 arrows
Armour
 b - a +3 leather armour (worn)
 u - a +0 large shield (worn)
 x - a +0 helmet (worn)
Jewellery
 e - a ring of see invisible (right claw)
 o - a +6 ring of evasion (left claw)
Wands
 r - a wand of iceblast (4/15)
 v - a wand of confusion (38/48)
 y - a wand of scattershot (3/9)
 A - a wand of acid (2/15)
Scrolls
 f - 2 scrolls of enchant armour
 h - 5 scrolls of remove curse
 k - a scroll of identify
 l - a scroll of summoning
 m - 2 scrolls of enchant weapon
 n - a scroll of fear
 t - 3 scrolls of teleportation
 w - 3 scrolls of magic mapping
 B - a scroll of holy word
Potions
 i - 2 potions of mutation
 j - a potion of cancellation
 z - 2 potions of brilliance
Books
 F - a book of Misfortune

   Spells                             Type                      Level
   a - Confusing Touch                Hexes                        1
   b - Confuse                        Hexes                        3
   c - Gell's Gravitas                Translocation                3
   d - Petrify                        Transmutation/Earth          4
   e - Metabolic Englaciation         Hexes/Ice                    5
   f - Yara's Violent Unravelling     Hexes/Transmutation          5
Comestibles
 c - 6 bread rations
 g - 6 royal jellies
 p - 3 meat rations
 q - 2 fruits
 s - 2 chunks of flesh


   Skills:
 + Level 7.0 Fighting
 + Level 10.3 Axes
 + Level 4.3 Armour
 + Level 6.0 Dodging
 + Level 7.8 Stealth
 + Level 2.5 Shields
 + Level 0.8 Evocations


You had 10 spell levels left.
You didn't know any spells.

Dungeon Overview and Level Annotations

Branches:
Dungeon (10/15)            Temple (0/1) D:7            Lair (0/6) D:8
    Orc (0/2) D:10

Altars:
Ashenzari
Dithmenos
Fedhas
Gozag
Ru
Uskayaw
Xom
Yredelemnul
Zin

Shops:
D:5 (   D:7 *


Innate Abilities, Weirdness & Mutations

You have sharp fingernails.
You are mostly covered in yellow scales. (AC +3)
Your flesh is almost immune to the effects of cold. (rC+++)
A weak demonic guardian rushes to your aid.
You have sharp toenails.
Your mind is acute. (Int +2)
Your flesh is heat resistant. (rF+)
You are resistant to hostile enchantments. (MR+)
You are somewhat resistant to further mutation.
You passively map a small area around you.
Your system is resistant to poisons. (rPois)
You expend magic power (3 MP) to strengthen your wands.


Message History

You block the orc wizard's attack.
You hit the orc warrior but do no damage.
The orc warrior is heavily wounded.
You hit the orc wizard but do no damage.
You hit the orc but do no damage.
The orc is briefly showered in sparks.
You block the orc warrior's attack.
The orc warrior hits you with a halberd!!
* * * LOW HITPOINT WARNING * * *
You emit a cloud of colourful smoke!
The orc priest mumbles some strange prayers to Beogh against you.
Beogh smites you!
* * * LOW HITPOINT WARNING * * *
You block the orc wizard's attack.
Unknown command.
Okay, then.
As you read the scroll of teleportation, it crumbles to dust.
You feel strangely unstable.
The orc warrior hits you from afar with a halberd!
You die...
Xom laughs nastily!

* * * # ### ,
##. ##.## ####
.#...#.[.#.≈§§#
,
........)#.$§≈#
,
......ooo§.$§§#
, , ..o..ooo@#
, ≈ ,
o#...#o§o# ≈
##8 ##8## * #
###


You could see 4 orc warriors, an orc priest, 2 orc wizards and 2 orcs.

Vanquished Creatures
  3 two-headed ogres
  The ghost of soepske the Skirmisher, a novice FoAK of Lugonu (D:8)
  The ghost of Regeox the Slasher, a novice DsCK of Okawaru (D:6)
  A hippogriff (D:9)
  A human (D:7)
  The ghost of Lanoc the Charlatan, an amateur DrAr (D:3)
  A hog (D:7)
  A hungry ghost (D:10)
  Menkaure (D:7)
  An ice beast (D:5)
  4 water moccasins (D:7)
  2 sky beasts
  2 orc warriors
  An eye of draining (D:8)
  A necrophage (D:6)
  A phantom (D:5)
  4 centaurs
  8 ogres
  2 big kobolds (D:7)
  4 bullfrogs
  5 scorpions
  4 howler monkeys
  2 electric eels (D:8)
  A quasit (D:6)
  A centaur skeleton (D:5)
  3 jellies
  Crazy Yiuf (D:5)
  3 hounds
  A bullfrog skeleton (D:6)
  5 orc priests
  9 orc wizards
  Jessica (D:3)
  Ijyb (D:3)
  2 iguanas
  4 worker ants
  A hound skeleton (D:4)
  Robin (D:3)
  10 adders
  2 shadow imps (D:5)
  An adder zombie (D:5)
  2 worms
  3 dart slugs
  6 leopard geckos
  25 orcs
  3 ball pythons
  10 bats
  6 giant cockroaches
  19 goblins
  11 hobgoblins
  10 jackals
  16 kobolds
  3 quokkas
  A ball python zombie (D:5)
  A bat (shapeshifter) (D:4)
  6 frilled lizards
  A jackal zombie (D:8)
  A quokka skeleton (D:7)
  A quokka zombie (D:8)
  5 rats
  5 plants
234 creatures vanquished.

Vanquished Creatures (collateral kills)
  A queen ant (D:9)
  2 hogs (D:7)
  A black bear (D:7)
  2 ogres
  A water moccasin skeleton (D:5)
  A howler monkey (D:10)
  An electric eel (D:8)
  A bullfrog skeleton (D:7)
  An orc priest (D:9)
  A hound (D:5)
  2 orc wizards (D:7)
  2 worker ants
  A white imp (D:9)
  An orc (D:9)
  2 bats (D:3)
  A plant (D:8)
21 creatures vanquished.

Vanquished Creatures (others)
  A sky beast (D:7)
  An ogre (D:4)
  An orc wizard (D:7)
  A jackal (D:3)
  A plant (D:8)
5 creatures vanquished.

Grand Total: 260 creatures vanquished

Notes
Turn   | Place    | Note
-------+----------+-------------------------------------------
     0 | D:1      | Lanoc the Demonspawn Chaos Knight began the quest for the Orb.
     0 | D:1      | Reached XP level 1. HP: 18/18 MP: 1/1
    42 | D:1      | Reached skill level 1 in Dodging
   105 | D:1      | XOM: potion effect (heal wounds)
   107 | D:1      | Gained mutation: Your flesh is cold resistant. (rC+) [demonic ancestry]
   107 | D:1      | Reached XP level 2. HP: 24/24 MP: 2/2
   236 | D:1      | Reached skill level 3 in Axes
   261 | D:1      | XOM: harmless Conj miscast
   400 | D:1      | Reached XP level 3. HP: 22/29 MP: 3/3
   675 | D:1      | You fall through a shaft!
   972 | D:2      | Reached XP level 4. HP: 37/37 MP: 4/4
  1118 | D:2      | XOM: god gift: 2 emerald potions {god gift}
  1391 | D:3      | Noticed Jessica
  1394 | D:3      | XOM: cast spell 'Alistair's Intoxication'
  1412 | D:3      | Killed Jessica
  1428 | D:3      | Reached XP level 5. HP: 16/42 MP: 5/5
  1468 | D:3      | Noticed Lanoc's ghost (amateur DrAr)
  1654 | D:3      | XOM: summons friendly white imp
  1661 | D:3      | Killed Lanoc's ghost
  1661 | D:3      | Reached skill level 4 in Axes
  1846 | D:3      | Found a shattered altar of Ashenzari.
  1846 | D:3      | Found a glowing silver altar of Zin.
  1877 | D:3      | Noticed Robin
  1891 | D:3      | XOM: smoke on damage
  1898 | D:3      | Reached XP level 6. HP: 23/48 MP: 6/6
  1901 | D:3      | Killed Robin
  1944 | D:3      | XOM: 2-stop teleportation journey
  2011 | D:3      | XOM: cloud trail
  2048 | D:3      | XOM: harmless Summ miscast
  2182 | D:3      | Noticed Ijyb
  2200 | D:3      | Killed Ijyb
  2259 | D:3      | Reached skill level 1 in Stealth
  2349 | D:3      | XOM: give mutations
  2349 | D:3      | Gained mutation: Your mind is acute. (Int +2) [Xom's grace]
  2349 | D:3      | Gained mutation: You are agile. (Dex +2) [Xom's grace]
  2444 | D:4      | Found a sacrificial altar of Ru.
  2473 | D:4      | Reached skill level 5 in Axes
  2537 | D:4      | XOM: cloud trail
  2772 | D:4      | XOM: divine lightning
  2817 | D:4      | Noticed a steam dragon
  2817 | D:4      | an ogre changed into a steam dragon
  2817 | D:4      | XOM: polymorph ogre -> steam dragon
  2823 | D:4      | XOM: cast spell 'Cause Fear'
  2899 | D:4      | XOM: harmless Air miscast
  2900 | D:4      | Gained mutation: A weak demonic guardian rushes to your aid. [demonic ancestry]
  2900 | D:4      | Reached XP level 7. HP: 39/55 MP: 7/7
  2968 | D:4      | XOM: harmless Pois miscast
  2977 | D:4      | XOM: cleaving
  2991 | D:4      | XOM: god gift: wand of scattershot (?/9) {god gift}
  3466 | D:4      | XOM: give mutations
  3466 | D:4      | Gained mutation: Your flesh is very cold resistant. (rC++) [Xom's grace]
  3466 | D:4      | Gained mutation: Your flesh is almost immune to the effects of cold. (rC+++) [Xom's grace]
  3466 | D:4      | Gained mutation: Your system is resistant to poisons. (rPois) [Xom's grace]
  3466 | D:4      | Gained mutation: You are resistant to hostile enchantments. (MR+) [Xom's grace]
  3480 | D:5      | Entered Level 5 of the Dungeon
  3516 | D:5      | Found Ehuwas's Antique Weapon Shop.
  3598 | D:5      | XOM: summons 3 hostile demons
  3670 | D:5      | Noticed a two-headed ogre
  3688 | D:5      | XOM: blink monster(s)
  3696 | D:5      | Killed a two-headed ogre
  3696 | D:5      | Reached skill level 5 in Fighting
  3696 | D:5      | Reached skill level 6 in Axes
  3696 | D:5      | Gained mutation: You have sharp fingernails. [demonic ancestry]
  3696 | D:5      | Reached XP level 8. HP: 18/62 MP: 8/8
  3919 | D:5      | XOM: enchant monster (bad)
  3958 | D:5      | Lost mutation: You are resistant to hostile enchantments. (MR+) [potion of mutation]
  3958 | D:5      | Lost mutation: You are agile. (Dex +2) [potion of mutation]
  3958 | D:5      | Gained mutation: You are somewhat resistant to further mutation. [potion of mutation]
  4074 | D:5      | XOM: 3-stop teleportation journey
  4080 | D:5      | XOM: noise
  4127 | D:5      | Found a hide-covered altar of Uskayaw.
  4347 | D:5      | XOM: harmless Hex miscast
  4524 | D:5      | Found a shadowy altar of Dithmenos.
  4527 | D:5      | XOM: mild Conj miscast
  4636 | D:5      | Found a runed door.
  4640 | D:5      | Noticed Crazy Yiuf
  4647 | D:5      | Killed Crazy Yiuf
  4808 | D:6      | Found a blossoming altar of Fedhas.
  4810 | D:6      | Noticed Regeox's ghost (novice DsCK)
  4815 | D:6      | Reached skill level 7 in Axes
  4816 | D:6      | Found an opulent altar of Gozag.
  4839 | D:6      | Killed Regeox's ghost
  4839 | D:6      | Reached skill level 5 in Stealth
  4839 | D:6      | Reached XP level 9. HP: 27/68 MP: 5/9
  5063 | D:6      | XOM: noise
  5085 | D:6      | XOM: confusion (+ monsters)
  5297 | D:6      | XOM: give mutations
  5297 | D:6      | Gained mutation: Your body sometimes deteriorates upon taking damage. [Xom's mischief]
  5297 | D:6      | Lost mutation: Your body sometimes deteriorates upon taking damage. [Xom's mischief]
  5297 | D:6      | Gained mutation: You are clumsy. (Dex -2) [Xom's mischief]
  5297 | D:6      | Gained mutation: Your flesh is heat resistant. (rF+) [Xom's mischief]
  5314 | D:6      | XOM: summons 1 hostile shadow creature
  5620 | D:7      | Reached skill level 8 in Axes
  5625 | D:7      | Found a basalt altar of Yredelemnul.
  5734 | D:7      | XOM: confusion (+ monsters)
  5736 | D:7      | XOM: harmless Necr miscast
  5745 | D:7      | XOM: enchant monster (bad)
  5747 | D:7      | XOM: enchant monster (bad)
  5758 | D:7      | XOM: potion effect (curing)
  5824 | D:7      | XOM: summons friendly ice devil
  5924 | D:7      | XOM: give mutation
  5924 | D:7      | Gained mutation: You passively map a small area around you. [Xom's grace]
  5930 | D:7      | Found a staircase to the Ecumenical Temple.
  5982 | D:7      | XOM: 4-stop teleportation journey
  6027 | D:7      | XOM: polymorph hog -> water moccasin
  6046 | D:7      | Reached skill level 5 in Dodging
  6046 | D:7      | Gained mutation: You are partially covered in yellow scales. (AC +2) [demonic ancestry]
  6046 | D:7      | Reached XP level 10. HP: 31/76 MP: 10/10
  6127 | D:7      | XOM: god gift: scale mail {god gift}
  6183 | D:7      | Reached skill level 9 in Axes
  6195 | D:7      | Noticed Menkaure
  6198 | D:7      | Killed Menkaure
  6218 | D:7      | Found Oppirgha's Serpentskin Sales.
  6239 | D:7      | XOM: scenery: create altars
  6818 | D:8      | Found a staircase to the Lair.
  6836 | D:8      | XOM: god gift: scale mail {god gift}
  6846 | D:8      | XOM: god gift: wand of acid (?/15) {god gift}
  6866 | D:8      | XOM: give mutation
  6866 | D:8      | Lost mutation: You are clumsy. (Dex -2) [Xom's grace]
  6976 | D:8      | XOM: cast spell 'Call Canine Familiar'
  7230 | D:8      | XOM: divination: magic mapping
  7288 | D:8      | Noticed soepske's ghost (novice FoAK)
  7292 | D:8      | XOM: enchant monster (good)
  7342 | D:8      | XOM: confusion
  7352 | D:8      | XOM: summons 1 hostile demon
  7382 | D:8      | XOM: summons 2 hostile demons
  7392 | D:8      | XOM: destruction
  7395 | D:8      | XOM: harmless Tloc miscast
  7404 | D:8      | Killed soepske's ghost
  7501 | D:8      | XOM: give mutations
  7501 | D:8      | Gained mutation: You have sharp toenails. [Xom's mischief]
  7501 | D:8      | Gained mutation: You expend magic power (3 MP) to strengthen your wands. [Xom's mischief]
  7501 | D:8      | Gained mutation: You are resistant to hostile enchantments. (MR+) [Xom's mischief]
  7949 | D:9      | Noticed a two-headed ogre
  7963 | D:9      | XOM: swap monsters
  7968 | D:9      | XOM: summons friendly iron imp
  7969 | D:9      | XOM: 2-stop teleportation journey
  8107 | D:9      | XOM: fog
  8117 | D:9      | XOM: scenery: create altars
  8126 | D:9      | Killed a two-headed ogre
  8126 | D:9      | Reached skill level 1 in Shields
  8220 | D:9      | XOM: 1-stop teleportation journey
  8245 | D:9      | Noticed a two-headed ogre
  8245 | D:9      | Noticed a queen ant
  8245 | D:9      | a two-headed ogre changed into a queen ant
  8245 | D:9      | XOM: polymorph two-headed ogre -> queen ant
  8268 | D:9      | XOM: summons 1 hostile demon
  8269 | D:9      | Noticed a rust devil
  8368 | D:9      | XOM: medium Summ miscast
  8369 | D:9      | Noticed a soul eater
  8400 | D:9      | XOM: enchant monster (bad)
  8428 | D:9      | Found a shimmering altar of Xom.
  8514 | D:9      | Noticed a two-headed ogre
  8521 | D:9      | XOM: butterfly on damage
  8526 | D:9      | XOM: severe Pois miscast
  8529 | D:9      | XOM: scenery: create altars
  8535 | D:9      | XOM: harmless Chrm miscast
  8542 | D:9      | XOM: confusion (+ monsters)
  8545 | D:9      | XOM: summons 4 hostile shadow creatures
  8556 | D:9      | Killed a two-headed ogre
  8556 | D:9      | Reached skill level 10 in Axes
  8676 | D:9      | XOM: stat loss: -1 Str (14/15)
  8741 | D:9      | Killed a queen ant
  8741 | D:9      | Gained mutation: You are mostly covered in yellow scales. (AC +3) [demonic ancestry]
  8741 | D:9      | Reached XP level 11. HP: 45/84 MP: 11/11
  8975 | D:10     | Entered Level 10 of the Dungeon
  8998 | D:10     | XOM: 3-stop teleportation journey
  8999 | D:10     | XOM: mild Tmut miscast
  9006 | D:10     | XOM: scenery: 1 doors open
  9006 | D:10     | Found a staircase to the Orcish Mines.
  9010 | D:10     | XOM: smoke on damage
  9011 | D:10     | Slain by an orc warrior

Skill      XL: |  1  2  3  4  5  6  7  8  9 10 11 |
---------------+----------------------------------+-----
Dodging        | 1 2 3 4 5 6 |  6.0
Armour         | 2 3 4 |  4.3
Axes           | 3 4 5 6 7 8 10 | 10.3
Fighting       | 4 5 6 7 |  7.0
Stealth        | 1 3 5 6 7 |  7.8
Shields        | 2 |  2.5
Evocations     | |  0.8

Action                   |  1- 3 |  4- 6 |  7- 9 | 10-12 || total
-------------------------+-------+-------+-------+-------++-------
Melee: Hand axe          |   118 |   232 |   355 |   280 ||   985
       Kick              |       |       |       |    42 ||    42
Evoke: Wand              |       |       |     1 |     3 ||     4
  Use: Potion            |       |     1 |     5 |     5 ||    11
       Scroll            |       |       |    11 |     7 ||    18
 Stab: Sleeping          |       |     3 |     4 |    10 ||    17
       Paralysed         |       |     1 |     9 |    13 ||    23
       Confused          |       |       |     7 |     1 ||     8
       Distracted        |       |       |     1 |     1 ||     2
       Petrifying        |       |       |     1 |     6 ||     7
       Petrified         |       |       |     1 |     4 ||     5
  Eat: Chunk             |       |     7 |     6 |     3 ||    16
       Bread ration      |       |       |     1 |     2 ||     3
Armor: Leather armour    |    47 |    54 |    55 |    36 ||   192
       Skin              |       |       |     2 |       ||     2
Dodge: Dodged            |    89 |   216 |   260 |   126 ||   691
Block: Large shield      |       |       |       |   101 ||   101
